AoeStats
← gam

Arabia

510180583Analyzed
2v2 RM · 3d ago on Sep 29, 2026· 59m 13s· 4 players
Game mode
Random Map
Map size
Medium (4 player)
Population
200
Speed
Normal
Resources
Standard
Victory
Conquest
Starting age
Dark Age
Ending age
Imperial Age
RankedLock teamsTeams togetherTeam positionsShared explorationLock speedFull tech treeHidden civsTurbo modeCheats
Victory
Defeat
🇦🇷 Inca · Argentina
1057
+16
🇫🇷 Bulgarians · France
1020
+17
🇭🇺 Goths · Hungary
1153
-21
🇭🇺 Bohemians · Hungary
950
-12
unyagyu_QT
1:41 Loom
10:58 Feudal Age
11:43 Man-at-Arms
13:13 Double-Bit Axe
16:03 Forging
15:54 Scale Mail Armor
21:19 Gold Mining
26:43 Castle Age
27:01 Long Swordsman
29:49 Squires
33:02 Pikeman
38:29 Wheelbarrow
41:37 Bow Saw
41:18 Town Watch
44:45 Hand Cart
45:45 Horse Collar
51:06 Imperial Age
gam
9:23 Loom
11:31 Feudal Age
19:43 Castle Age
18:03 Double-Bit Axe
18:02 Horse Collar
26:16 Chemistry
25:08 Pikeman
25:48 Squires
33:02 Padded Archer Armor
33:31 Bow Saw
38:13 Leather Archer Armor
40:47 Murder Holes
45:46 Imperial Age
47:13 Conscription
diegoperezprofe
13:46 Feudal Age
12:04 Loom
13:53 Feudal Age
14:18 Champi Runner
24:04 Forging
30:05 Castle Age
fabulous-crumb
11:44 Feudal Age
14:15 Double-Bit Axe
18:40 Castle Age
16:51 Horse Collar
18:06 Gold Mining
21:43 Forging
23:38 Scale Mail Armor
23:27 Gambesons
28:24 Heavy Plow
31:37 Wheelbarrow
30:50 Town Watch
31:20 Stone Mining
32:11 Gold Shaft Mining
32:30 Scale Barding Armor
33:02 Iron Casting
37:30 Imperial Age
37:53 Elite Konnik
41:13 Chain Barding Armor
41:54 Blast Furnace
40:31 Capped Ram
43:47 Bloodlines
43:38 Husbandry
43:20 Siege Ram
56:12 Bow Saw
58:18 Plate Barding Armor
57:59 Chain Mail Armor
Connection lost

Rejoining the realm…

Still unreachable

The connection could not be restored.

Session expired

The server has moved on; the page needs a fresh start.